 Dungeon Crawl Stone Soup version 0.16-a0-3699-g1c51eb1 (webtiles) character file.

51396 Gorice the Impaler (level 13, 0/133 HPs)
             Began as a Demigod Wanderer on Jan 18, 2015.
             Slain by a komodo dragon (21 damage)
             ... on level 7 of the Lair of Beasts.
             The game lasted 02:42:10 (20014 turns).

Gorice the Impaler (Demigod Wanderer)              Turns: 20014, Time: 02:42:10

Health: 0/133      AC: 26    Str: 17    XL:     13   Next: 89%
Magic:  22/22      EV:  2    Int: 22    God:
Gold:   1106       SH:  0    Dex: 17    Spells: 0 memorised, 14 levels left

rFire  . . .     SeeInvis .     a - +0 glaive (flame)
rCold  . . .     Clarity  .     O - melded +0 shadow dragon armour
rNeg   + + +     SustAb   +     (no shield)
rPois  +         Gourm    .     w - melded +2 hat {rF+}
rElec  .         Spirit   .     h - melded +2 cloak
rCorr  .         Warding  .     (gloves currently unavailable)
rMut   .         NoTele   +     e - melded +0 pair of boots
MR     ++...                    (no amulet)
Stlth  ++........               Q - +6 ring of slaying
                                E - ring of protection from magic

@: tree-form, very resistant to hostile enchantments, unstealthy
A: clever 1, sustain abilities
a: no special abilities


You were on level 7 of the Lair of Beasts.
You were hungry.
You were a tree.
You visited 3 branches of the dungeon, and saw 16 of its levels.
You also visited: Labyrinth, Sewer, Ossuary, Bailey and Volcano.

You collected 1106 gold pieces.

Inventory:

Hand weapons
 a - a +0 glaive of flaming (weapon)
   (You acquired it on level 1 of the Lair of Beasts)
 b - a +0 blowgun
Missiles
 s - 52 poisoned needles
 u - 57 tomahawks of returning (quivered)
 Y - 2 throwing nets
 Z - 123 stones
Armour
 e - a +0 pair of boots (melded)
 h - a +2 cloak (melded)
 w - a +2 hat of fire resistance (melded)
   (You found it in a volcano)
 O - a +0 shadow dragon armour (melded)
Rods
 t - a +4 iron rod (9/9)
   (You found it in a labyrinth)
 z - a +1 rod of destruction (14/14)
   (You found it in a labyrinth)
Jewellery
 j - an uncursed ring of see invisible
 x - an uncursed ring of flight
 C - an uncursed amulet of stasis
 E - a ring of protection from magic (left branch)
 H - an uncursed ring of protection from magic
 M - an uncursed ring of fire
 Q - a +6 ring of slaying (right branch)
Magical devices
 g - a wand of fireball (6)
 l - a wand of polymorph (9)
 D - a wand of draining (0)
 I - a wand of digging (9)
 J - a wand of hasting (9)
 K - a wand of fireball (3)
 N - a wand of disintegration (8)
 X - a wand of paralysis (5)
Scrolls
 c - 4 scrolls of teleportation
 d - 3 scrolls of remove curse
 q - 4 scrolls of fear
 y - 3 scrolls of blinking
 A - a scroll of enchant weapon
 B - a scroll of identify
 F - a scroll of amnesia
Potions
 i - 13 potions of curing
 m - a potion of haste
 o - 2 potions of invisibility
 p - 3 potions of might
 r - 2 potions of heal wounds
 v - 4 potions of resistance
 L - a potion of ambrosia
 U - a potion of cancellation
Miscellaneous
 S - a phial of floods
Comestibles
 f - 13 bread rations
 k - 2 meat rations
 n - 32 fruits
 G - a beef jerky


   Skills:
 - Level 1.0 Fighting
 * Level 16.7 Polearms
 - Level 1.7 Throwing
 + Level 13.9 Armour
 - Level 2.0 Dodging
 - Level 1.0 Spellcasting
   Level 1.0 Summonings
   Level 1.0 Necromancy


You had 14 spell levels left.
You didn't know any spells.

Dungeon Overview and Level Annotations

Branches:
Dungeon (8/15)             Temple (1/1) D:5            Lair (7/8) D:8
  Swamp (0/5) Lair:4        Snake (0/5) Lair:4
  Slime: Lair:6-8

Shops:
D:6 }   D:7 [

Annotations:
D:4 Johnny's ghost, average HEAr
Lair:7 runed door


Innate Abilities, Weirdness & Mutations

Your attributes are resistant to harm.
Your mind is acute. (Int +2)


Message History

Your +2 hat of fire resistance melds into your body.
Your +0 pair of boots melds into your body.
Your +0 shadow dragon armour melds into your body.
You feel less resistant to fire.
Your roots penetrate the ground.
The komodo dragon bites you.
* * * LOW HITPOINT WARNING * * *
You slash the komodo dragon! You burn the komodo dragon.
The komodo dragon is severely wounded.
You barely miss the komodo dragon.
The komodo dragon is severely wounded.
The komodo dragon bites you!
* * * LOW HITPOINT WARNING * * *
Unknown command.
You barely miss the komodo dragon.
The komodo dragon is severely wounded.
The komodo dragon bites you but does no damage.
You hit the komodo dragon. You burn the komodo dragon.
The komodo dragon is severely wounded.
The komodo dragon bites you!!
You die...

.........#
............#.
..##..........#
#.#≈...........#
###≈P≈..........#
.#≈≈≈≈..........#
.#≈≈≈...........##
.#≈≈≈≈P.........#.#
.##≈≈≈..$.....l♣#.#
..#≈≈≈...........##
..≈≈≈P.........#.#
.≈≈≈≈PP........###
≈P≈≈≈P..........#
P#≈≈≈...........#
...≈≈##..........#
...##≈.#..........#
P.####............#


You could see a komodo dragon.

Vanquished Creatures
  A minotaur (Lab)
  Harold (Lair:2)
  The ghost of dysrexia the Blocker, a powerful FoFi of Okawaru (Lair:3)
  6 hydras
  A tengu warrior (D:8)
  Nergalle (Lair:5)
  A hell knight (Volcano)
  The ghost of Aryth the Carver, an experienced DsCK of Xom (Bailey)
  Erolcha (D:8)
  Pikel (D:8)
  The ghost of emiel the Nimble, an experienced SpGl of Trog (D:7)
  A faun (Lair:3)
  An orc knight (Bailey)
  20 elephants
  A toenail golem (Volcano)
  2 black mambas
  A torpor snail (Lair:6)
  The ghost of ConnectionFaild the Covert, an experienced SpAr (Bailey)
  10 spiny frogs
  2 komodo dragons
  A fire drake (Lair:5)
  2 minotaur zombies (Lab)
  5 wandering mushrooms (Lair:3)
  13 blink frogs
  3 ravens (D:8)
  4 basilisks
  29 yaks
  2 fire bats (Volcano)
  6 hippogriffs
  Grum (D:8)
  2 nagas (Lair:4)
  2 wolves (D:8)
  A hungry ghost (D:7)
  7 insubstantial wisps (Lair:4)
  11 porcupines
  A slave (D:7)
  An orc warrior (D:6)
  11 water moccasins
  5 ogres
  A phantom (D:8)
  A necrophage (D:7)
  A boring beetle (Lair:5)
  9 crocodiles
  7 giant frogs
  Blork the orc (D:5)
  An elf zombie (Ossuary)
  A jelly (D:7)
  2 scorpions
  2 crimson imps (Volcano)
  2 centaur zombies
  A gnoll shaman (D:5)
  A giant frog skeleton (D:7)
  A goliath beetle (D:8)
  4 lava snakes (Volcano)
  2 orc priests
  A centaur skeleton (D:8)
  3 human zombies (Ossuary)
  4 iguanas
  5 worker ants
  4 hounds
  A siren (Sewer)
  5 orc wizards
  A merfolk avatar (Sewer)
  6 sheep (Lair:4)
  Ijyb (D:2)
  Jessica (D:3)
  A hound skeleton (D:5)
  3 hound zombies
  4 mummies (Ossuary)
  A worker ant zombie (D:8)
  Robin (D:2)
  18 gnolls
  49 river rats
  19 adders
  A worm (D:3)
  2 giant mites
  5 adder zombies
  6 giant geckos
  An ooze (D:2)
  20 orcs
  3 giant cockroaches
  21 goblins
  24 hobgoblins
  9 jackals
  15 quokkas
  7 ball pythons
  11 bats
  A giant gecko skeleton (D:8)
  A giant gecko zombie (D:8)
  6 giant newts
  A goblin zombie (Ossuary)
  21 kobolds
  An orc zombie (Ossuary)
  33 rats
  A rat zombie (Ossuary)
  A bush (D:3)
  A butterfly (D:5)
519 creatures vanquished.

Vanquished Creatures (others)
  A porcupine (D:8)
  2 slaves (D:8)
  3 drowned souls (Sewer)
  A river rat (D:8)
  2 jackals (D:8)
  A quokka (Lair:5)
  A kobold (D:8)
  2 plants (Lair:6)
13 creatures vanquished.

Grand Total: 532 creatures vanquished

Notes
Turn   | Place    | Note
--------------------------------------------------------------
     0 | D:1      | Gorice, the Demigod Wanderer, began the quest for the Orb.
     0 | D:1      | Gorice set off with: a +2 spear, the Compendium of Cold, a scroll of teleportation, a +0 robe, a bread ration
     0 | D:1      | Reached XP level 1. HP: 16/16 MP: 3/3
     0 | D:1      | Identified the Compendium of Cold
   310 | D:1      | Reached skill level 3 in Polearms
   681 | D:1      | Reached XP level 2. HP: 23/23 MP: 4/4
   984 | D:2      | Found a glowing silver altar of Zin.
   984 | D:2      | Found a shimmering altar of Xom.
   984 | D:2      | Noticed an angel
   989 | D:2      | Noticed Ijyb
  1017 | D:2      | Killed Ijyb
  1017 | D:2      | Reached XP level 3. HP: 12/28 MP: 6/6
  1065 | D:2      | Found a glowing golden altar of the Shining One.
  1231 | D:2      | Reached skill level 2 in Dodging
  1582 | D:2      | Noticed Robin
  1620 | D:2      | Reached skill level 4 in Polearms
  1635 | D:2      | Killed Robin
  1635 | D:2      | Reached XP level 4. HP: 31/35 MP: 8/8
  1894 | D:2      | Found a white marble altar of Elyvilon.
  1939 | D:3      | Found a glowing drain.
  2009 | D:3      | Found an opulent altar of Gozag.
  2049 | D:3      | Reached skill level 1 in Armour
  2064 | Sewer    | Entered a sewer
  2229 | Sewer    | Reached XP level 5. HP: 35/40 MP: 10/10
  2361 | Sewer    | Reached skill level 5 in Polearms
  2429 | Sewer    | Reached skill level 2 in Armour
  2441 | Sewer    | Noticed a drowned soul
  2442 | Sewer    | Noticed a drowned soul
  2443 | Sewer    | Noticed a drowned soul
  2443 | Sewer    | Noticed a drowned soul
  2446 | Sewer    | Noticed a drowned soul
  2446 | Sewer    | Killed a drowned soul
  2446 | Sewer    | Killed a drowned soul
  2448 | Sewer    | Killed a drowned soul
  2450 | Sewer    | Noticed a drowned soul
  2928 | D:3      | Noticed Jessica
  2945 | D:3      | Killed Jessica
  3471 | D:4      | Reached XP level 6. HP: 47/47 MP: 12/12
  3791 | D:4      | Found a stormy altar of Qazlal.
  3791 | D:4      | Noticed Johnny's ghost (average HEAr)
  4298 | D:5      | Entered Level 5 of the Dungeon
  4337 | D:5      | Noticed Blork the orc
  4355 | D:5      | Reached skill level 3 in Armour
  4379 | D:5      | Killed Blork the orc
  4379 | D:5      | Reached skill level 6 in Polearms
  4423 | D:5      | Found a sand-covered staircase.
  4448 | Ossuary  | Entered an ossuary
  4524 | Ossuary  | Reached XP level 7. HP: 8/52 MP: 14/14
  4837 | Ossuary  | Gained mutation: Your mind is acute. (Int +2) [potion of beneficial mutation]
  5066 | D:5      | Reached skill level 4 in Armour
  5106 | D:5      | Reached skill level 7 in Polearms
  5152 | D:5      | Found a staircase to the Ecumenical Temple.
  5162 | Temple   | Entered the Ecumenical Temple
  5403 | D:5      | Found a burning altar of Makhleb.
  5404 | D:5      | Noticed a hippogriff
  5422 | D:5      | Killed a hippogriff
  5704 | D:5      | Reached XP level 8. HP: 54/59 MP: 15/15
  5860 | D:6      | Found a sparkling altar of Nemelex Xobeh.
  5947 | D:6      | Found Kleriot's Gadget Shop.
  6071 | D:6      | Reached skill level 8 in Polearms
  6131 | D:6      | Reached skill level 5 in Armour
  6446 | D:7      | Found Klauheka's Antique Armour Shoppe.
  6447 | D:7      | Noticed emiel's ghost (experienced SpGl)
  6586 | D:7      | Killed emiel's ghost
  6586 | D:7      | Reached skill level 9 in Polearms
  6675 | D:7      | Reached skill level 6 in Armour
  6732 | D:7      | Found a flagged portal.
  6758 | Bailey   | Entered a bailey
  6779 | Bailey   | Noticed Aryth's ghost (experienced DsCK)
  6781 | Bailey   | Noticed ConnectionFaild's ghost (experienced SpAr)
  6970 | Bailey   | Reached XP level 9. HP: 62/64 MP: 17/17
  6999 | Bailey   | Killed Aryth's ghost
  6999 | Bailey   | Reached skill level 10 in Polearms
  7009 | Bailey   | Noticed an orc knight
  7017 | Bailey   | Killed an orc knight
  7226 | Bailey   | Killed ConnectionFaild's ghost
  7226 | Bailey   | Reached skill level 7 in Armour
  7976 | D:8      | Reached skill level 11 in Polearms
  8000 | D:8      | Noticed Pikel
  8110 | D:8      | Noticed Grum
  8121 | D:8      | Killed Grum
  8264 | D:8      | Killed Pikel
  8264 | D:8      | Reached XP level 10. HP: 51/71 MP: 19/19
  8280 | D:8      | Found a staircase to the Lair.
  8303 | D:8      | Reached skill level 8 in Armour
  8446 | D:8      | Reached skill level 12 in Polearms
  8594 | D:8      | Noticed Erolcha
  8605 | D:8      | Killed Erolcha
  8663 | D:8      | Found a snail-covered altar of Cheibriados.
  9001 | D:8      | Noticed a tengu warrior
  9305 | D:8      | Killed a tengu warrior
  9307 | D:8      | Reached skill level 9 in Armour
  9699 | Lair:1   | Entered Level 1 of the Lair of Beasts
  9958 | Lair:1   | Reached skill level 13 in Polearms
  9958 | Lair:1   | Reached XP level 11. HP: 62/77 MP: 20/20
 10619 | Lair:2   | Noticed Harold
 10636 | Lair:2   | Killed Harold
 10709 | Lair:2   | Found a labyrinth entrance.
 10724 | Lab      | Entered a labyrinth
 11687 | Lab      | Upgraded the game from 0.16-a0-3691-gf72e470 to 0.16-a0-3695-ga3e2ed8
 11812 | Lab      | Noticed a minotaur
 11825 | Lab      | Killed a minotaur
 11833 | Lab      | Identified the Papyrus of Creative Hexes
 11842 | Lab      | Got a heavily runed chain mail
 11853 | Lab      | Identified the +1 chain mail "Aleocyul" {+Inv MR+ Dex-3} (You found it in a labyrinth)
 12323 | Lair:1   | Reached skill level 12 in Armour
 12323 | Lair:1   | Reached XP level 12. HP: 83/83 MP: 21/21
 12425 | Lair:1   | Identified a +1 rod of destruction (14/14) (You found it in a labyrinth)
 12777 | Lair:2   | Reached skill level 14 in Polearms
 13180 | Lair:3   | Noticed dysrexia's ghost (powerful FoFi)
 13348 | Lair:3   | Found a dark tunnel.
 13348 | Lair:3   | Noticed a seven-headed hydra
 13362 | Lair:3   | Killed a seven-headed hydra
 13374 | Volcano  | Entered a volcano
 13610 | Volcano  | Found a bloodstained altar of Trog.
 13688 | Lair:3   | Found an iron altar of Okawaru.
 14393 | Lair:3   | Killed dysrexia's ghost
 14465 | Lair:3   | Reached skill level 15 in Polearms
 14770 | Lair:1   | Identified a scroll of acquirement
 14927 | Lair:4   | Reached XP level 13. HP: 89/89 MP: 22/22
 15162 | Lair:4   | Found a staircase to the Snake Pit.
 15341 | Lair:4   | Found a staircase to the Swamp.
 15535 | Lair:4   | Reached skill level 13 in Armour
 16270 | Lair:5   | Noticed Nergalle
 16314 | Lair:5   | Killed Nergalle
 17646 | Lair:1   | Upgraded the game from 0.16-a0-3695-ga3e2ed8 to 0.16-a0-3699-g1c51eb1
 18276 | Lair:6   | Reached skill level 16 in Polearms
 19828 | Lair:7   | Found a runed door.
 20014 | Lair:7   | Slain by a komodo dragon

Action                   |  1- 3 |  4- 6 |  7- 9 | 10-12 | 13-15 || total
-------------------------+-------+-------+-------+-------+-------++-------
Melee: Spear             |   140 |   123 |    24 |    10 |       ||   297
       Trident           |       |   278 |   406 |       |       ||   684
       Halberd           |       |       |   126 |   376 |       ||   502
       Glaive            |       |       |       |    25 |   598 ||   623
 Fire: Blowgun           |       |    29 |    22 |    29 |     4 ||    84
Throw: Stone             |    19 |     5 |    22 |     4 |       ||    50
       Tomahawk          |       |       |     9 |    19 |    78 ||   106
       Throwing net      |       |       |       |     2 |       ||     2
Evoke: Wand              |       |       |       |     3 |       ||     3
       Rod               |       |       |       |     3 |     1 ||     4
  Use: Scroll            |     7 |     5 |    14 |    12 |       ||    38
       Potion            |       |     6 |     2 |     9 |     2 ||    19
 Stab: Sleeping          |     1 |       |       |     6 |    12 ||    19
       Distracted        |       |       |     2 |       |     4 ||     6
  Eat: Chunk             |     2 |    10 |    13 |    13 |    18 ||    56
       Bread ration      |       |       |       |     1 |       ||     1
       Fruit             |       |       |       |     3 |       ||     3
       Pizza             |       |       |       |     1 |       ||     1

Table legend:
 A = Turns spent in this place as a percentage of turns spent in the entire game.
 B = Non-inter-level travel turns spent in this place as a percentage of non-inter-level travel turns spent in the entire game.
 C = Inter-level travel turns spent in this place as a percentage of turns spent in this place.
 D = Turns resting spent in this place as a percentage of non-inter-level travel turns spent in this place.
 E = Turns spent auto-exploring this place as a percentage of non-inter-level travel turns spent in this place.
 F = Non-inter-level travel turns spent in this place divided by the number of levels of this place that you've seen.
                   A       B       C       D       E      F
               +-------+-------+-------+-------+-------+----------------------
         Total | 100.0 | 100.0 |   0.3 |   1.1 |   2.9 | 478.1
       Dungeon |  33.4 |  33.4 |   0.5 |   1.0 |   4.7 | 419.0
        Temple |   0.0 |   0.0 |   0.0 |   0.0 |   0.0 |   1.0
          Lair |  39.4 |  39.4 |   0.4 |   1.4 |   3.2 | 565.0
     Labyrinth |  12.5 |  12.6 |   0.0 |   0.6 |   0.0 | 1264.0
         Sewer |   4.3 |   4.3 |   0.0 |   0.5 |   0.7 | 434.0
       Ossuary |   2.9 |   2.9 |   0.0 |   1.7 |   0.3 | 295.0
        Bailey |   4.8 |   4.8 |   0.0 |   1.6 |   0.4 | 485.0
       Volcano |   2.5 |   2.5 |   0.0 |   0.0 |   0.0 | 254.0
               +-------+-------+-------+-------+-------+----------------------

Vault maps used:
D:1:      ncdulo_watergridlock, st_stairs_5, hangedman_decor_points
D:2:      grunt_temple_overflow_order_and_chaos_1,
          lemuel_coloured_pillars_altar, tso_metal_star, minivault_5,
          uniq_robin, uniq_iyjb
D:3:      serial_park_square1, lemuel_crystal_altar, gup_sewer_entry_glass,
          minmay_hedge_maze, kennysheep_jessica_study
D:4:      nicolae_qazlal_eye_of_the_storm, first_bread
D:5:      bloody_makhleb, minmay_temple_entry_butterflies,
          nicolae_ossuary_entry_plus, uniq_blork_the_orc
D:6:      lemuel_crystal_altar, serial_shops, shop, serial_park_tiny_pond
D:7:      serial_shops, shop, enter_bailey_2, kennysheep_generic_room_13
D:8:      beetle_altar_1, minmay_lair_entry_grove, uniq_grum, uniq_pikel,
          uniq_erolcha
Temple:   circular_temple_6
Lair:2:   lab_entry_generic, uniq_harold
Lair:3:   basic_altar, enter_volcano_2, fungi_pond_lemuel,
          grunt_forest_large_clearings, lemuel_fruit_fields
Lair:4:   minmay_swamp_entry_wisps, guppyfry_snake_entry_island
Lair:5:   minmay_holes, lemuel_fruit_tree, grunt_megastairs_1, uniq_nergalle
Lair:7:   slime_altar_2
Lab:      labyrinth_hidden_loot
Sewer:    sewer_sea
Ossuary:  ossuary_minmay_tomb_2a
Bailey:   bailey_axe_2, bailey
Volcano:  volcano_grotto
